 Dungeon Crawl Stone Soup version 0.29.1-12-g30fa7ad0bf (webtiles) character file.

Game seed: 15612640868265458818

415 cowcol the Chopper (level 6, -1/56 HPs)
             Began as a Minotaur Monk on Jan 18, 2023.
             Slain by an orc warrior
             ... wielding a +0 glaive
              (2 damage)
             ... on level 4 of the Dungeon.
             The game lasted 00:10:21 (4065 turns).

cowcol the Chopper (Minotaur Monk)                  Turns: 4065, Time: 00:10:21

Health: -1/56      AC:  9    Str: 18    XL:     6   Next: 60%
Magic:  5/5        EV:  8    Int:  7    God:
Gold:   195        SH:  0    Dex: 12    Spells: 5/5 levels left

rFire   . . .      SeeInvis .   A - +2 mace (protect)
rCold   . . .      Faith    .   (no shield)
rNeg    . . .      Spirit   .   r - +0 chain mail
rPois   .          Reflect  .   (helmet restricted)
rElec   .          Harm     .   (no cloak)
rCorr   .          Rampage  .   c - +0 pair of gloves
Will    .....                   (no boots)
Stlth   ..........              (no amulet)
HPRegen 0.18/turn               (no ring)
MPRegen 0.09/turn               (no ring)

@: no status effects
A: horns 2, retaliatory headbutt
a: no special abilities


You were on level 4 of the Dungeon.
You visited 1 branch of the dungeon, and saw 4 of its levels.

You collected 195 gold pieces.

Inventory:

Hand Weapons
 a - a +0 hand axe
 f - a +0 spear
 m - a +0 dagger
 p - a +0 short sword
 A - a +2 mace of protection (weapon)
Missiles
 n - a datura-tipped dart (quivered)
Armour
 b - a +0 robe
 c - a +0 pair of gloves (worn)
 g - a +0 buckler
 r - a +0 chain mail (worn)
Jewellery
 i - an amulet of magic regeneration
 u - a ring of magical power
Scrolls
 k - a scroll of enchant weapon {unknown}
 s - 2 scrolls of teleportation
 v - a scroll of brand weapon {unknown}
 x - a scroll of fear
 y - 2 scrolls of magic mapping
Potions
 e - a potion of cancellation {unknown}
 h - 2 potions of degeneration {unknown}
 j - a potion of heal wounds {unknown}
 l - 4 potions of curing {unknown}
 o - a potion of brilliance {unknown}
 w - a potion of resistance {unknown}
 z - a potion of haste {unknown}


   Skills:
 + Level 5.2 Fighting
 - Level 1.2(1.7) Short Blades
 * Level 2.1(2.3) Long Blades
 + Level 5.5(5.7) Axes
 + Level 2.3(4.2) Maces & Flails
 + Level 1.0 Throwing
 + Level 2.3 Armour
 + Level 4.1 Dodging
 + Level 2.0 Stealth


You had 5 spell levels left.
You didn't know any spells.
Your spell library contained the following spells:

 Spells                   Type           Power      Damage    Failure   Level
 Magic Dart               Conj           0%         1d3       100%        1
 Scorch                   Fire           0%         2d5       100%        2
 Searing Ray              Conj           0%         2d4       100%        2
 Portal Projectile        Hex/Tloc       0%         N/A       100%        3
 Tukima's Dance           Hex            0%         N/A       100%        3
 Flame Wave               Conj/Fire      0%         2d4       100%        4
 Fulminant Prism          Conj/Hex       0%         3d6       100%        4
 Blade Hands              Tmut           0%         N/A       100%        5
 Summon Cactus Giant      Summ           0%         N/A       100%        6


Dungeon Overview and Level Annotations

Branches:
Dungeon (4/15)
 Temple: D:4-7

Altars:
Elyvilon
Trog


Innate Abilities, Weirdness & Mutations

You have a pair of horns on your head.
You reflexively headbutt those who attack you in melee.


Message History

As you read the scroll labelled OJAPTA ESEWUI, it crumbles to dust.
The scroll dissolves into smoke.
It was a scroll of fog.
Found a scroll of poison.
You see here a staff of poison.
An orc warrior comes into view. It is wielding a +0 glaive.
Found a glowing trident.
Found a bloodstained altar of Trog.
The orc warrior shouts!
Throw: 3 darts (poison)
Press: ? - help, Q - select action, (/) - cycle Shift-Dir - straight line, f - orc warrior
Aim: an orc warrior, wielding a +0 glaive and wearing a +0 chain mail (55% to hit)
You throw a poisoned dart.
The poisoned dart barely misses the orc warrior.
Throw: 2 darts (poison)
Press: ? - help, Q - select action, (/) - cycle Shift-Dir - straight line, f/p - orc warrior
Aim: an orc warrior, wielding a +0 glaive and wearing a +0 chain mail (55% to hit)
You throw a poisoned dart.
The poisoned dart closely misses the orc warrior.
Throw: dart (poison)
Press: ? - help, Q - select action, (/) - cycle Shift-Dir - straight line, f/p - orc warrior
Aim: an orc warrior, wielding a +0 glaive and wearing a +0 chain mail (55% to hit)
You throw a poisoned dart.
The poisoned dart closely misses the orc warrior.
Throw: 3 darts (datura)
Press: ? - help, Q - select action Shift-Dir - straight line, f/p - orc warrior
Aim: an orc warrior, wielding a +0 glaive and wearing a +0 chain mail (55% to hit, chance to frenzy on hit: 67%)
You throw a datura-tipped dart.
The datura-tipped dart closely misses the orc warrior.
Throw: 2 darts (datura)
Press: ? - help, Q - select action Shift-Dir - straight line, f/p - orc warrior
Aim: an orc warrior, wielding a +0 glaive and wearing a +0 chain mail (55% to hit, chance to frenzy on hit: 67%)
You throw a datura-tipped dart.
The datura-tipped dart hits the orc warrior.
The orc warrior flies into a frenzy!
The orc warrior barely misses you.
The orc warrior hits you with a +0 glaive!! x2
Ouch! That really hurt!
* * * LOW HITPOINT WARNING * * *
You closely miss the orc warrior. Your headbutt misses the orc warrior.
The orc warrior hits you with a +0 glaive.
You die...

####. #.#.#.........
#....##.#.##........
#...................
#...##.....#.#......
#........|##........
#.##...#...†.##....
#.....##...†###....
##...#.###.#..####..
#..@##.# #.#...##...
#..o#####
..##..#.... #...#
##.###...... #...#
..###...... #(..#
......##.... .).#
.#.......... ._. #.
##...##.... ##
#..###..# #.#..
#..#.... ##.##(


You could see a neutral orc warrior (fast, strong, insane).

Vanquished Creatures
  Menkaure (D:4)
  A black bear (D:4)
  A scorpion (D:4)
  A hound (D:4)
  An iguana (D:4)
  2 adders (D:2)
  A worm (D:2)
  5 orcs
  6 ball pythons
  7 endoplasms
  4 giant cockroaches
  5 hobgoblins
  A jackal (D:1)
  6 quokkas
  7 bats
  2 frilled lizards
  8 goblins
  7 kobolds
  3 rats
69 creatures vanquished.

Vanquished Creatures (collateral kills)
  A ball python (D:1)
1 creature vanquished.

Grand Total: 70 creatures vanquished

Notes
Turn   | Place    | Note
-------+----------+-------------------------------------------
     0 | D:1      | cowcol the Minotaur Monk began the quest for the Orb.
     0 | D:1      | Reached XP level 1. HP: 19/19 MP: 0/0
   218 | D:1      | Reached XP level 2. HP: 20/27 MP: 1/1
   371 | D:1      | Found a faded altar of an unknown god.
  1175 | D:2      | Reached XP level 3. HP: 26/34 MP: 2/2
  2190 | D:3      | Reached XP level 4. HP: 41/41 MP: 3/3
  2570 | D:3      | Found a white marble altar of Elyvilon.
  3236 | D:4      | Noticed a scorpion
  3243 | D:4      | Killed a scorpion
  3244 | D:4      | Reached skill level 1 in Short Blades
  3244 | D:4      | Reached skill level 5 in Axes
  3244 | D:4      | Reached XP level 5. HP: 45/47 MP: 4/4
  3287 | D:4      | Noticed Menkaure
  3493 | D:4      | Killed Menkaure
  3494 | D:4      | Reached skill level 1 in Long Blades
  3494 | D:4      | Reached skill level 1 in Maces & Flails
  3494 | D:4      | Reached skill level 1 in Armour
  3494 | D:4      | Reached XP level 6. HP: 20/55 MP: 5/5
  3768 | D:4      | Reached skill level 5 in Fighting
  3930 | D:4      | Identified the +3 leather armour of the Game of Life {*Slow
                  | Int+6}
  3952 | D:4      | Reached skill level 1 in Throwing
  4058 | D:4      | Found a bloodstained altar of Trog.
  4058 | D:4      | Noticed an orc warrior
  4064 | D:4      | HP: 1/56 [orc warrior/+0 glaive (30)]
  4065 | D:4      | Slain by an orc warrior

Illustrated notes

Levels and vault maps discovered:
D:1:      zelgadis_glass_arrival_small, layout_loops_cross,
          dreamdust_ecumenical_altar_angels_and_demons
D:2:      layout_loops_cross, kennysheep_generic_room_6
D:3:      layout_basic, elyvilon_altar_5, serial_glass, glass_columns_c,
          glass_columns_a, glass_columns_c, glass_columns_a,
          grunt_ministairs_14, fountainhead, hangedman_feature_mirror,
          corner_web_ring, grunt_decor_arrowhead
D:4:      layout_cave_pools, nicolae_tso_swordbearing_angel,
          nzn_overflow_gifts_of_might_and_magic, uniq_menkaure

Skill      XL: |  1  2  3  4  5  6 |
---------------+-------------------+-----
Fighting       | 4 5 |  5.2
Axes           | 4 5 |  5.5
Short Blades   | 1 |  1.2
Long Blades    | 1 2 |  2.1
Maces & Flails | 1 2 |  2.3
Armour         | 1 2 |  2.3
Dodging        | 4 |  4.1
Throwing       | 1 |  1.0
Stealth        | 2 |  2.0

Action                   |  1- 3 |  4- 6 || total
-------------------------+-------+-------++-------
Melee: Hand axe          |    91 |    20 ||   111
       Headbutt          |    15 |    12 ||    27
       Mace              |       |    50 ||    50
Throw: Dart              |    13 |    10 ||    23
  Use: Scroll            |     5 |     3 ||     8
       Potion            |     1 |       ||     1
 Stab: Sleeping          |     1 |       ||     1
Armor: Robe              |    16 |     2 ||    18
       Chain mail        |       |    51 ||    51
Dodge: Dodged            |    46 |    44 ||    90
Block: Buckler           |    17 |     1 ||    18
